 Dungeon Crawl Stone Soup version 0.25-a0-478-g33c61bdccf (webtiles) character file.

Game seed: 6687195771445243816, levelgen mode: deterministic

16159 Error4North the Cleaver (level 12, -1/116 HPs)
             Began as a Hill Orc Fighter on Feb 8, 2020.
             Was a High Priest of Okawaru.
             Slain by a sixfirhy (12 damage)
             ... summoned by an orc high priest
             ... on level 2 of the Orcish Mines.
             The game lasted 00:59:53 (13169 turns).

Error4North the Cleaver (Hill Orc Fighter)         Turns: 13169, Time: 00:59:54

Health: -1/116     AC: 19    Str: 34    XL:     12   Next: 34%
Magic:  19/19      EV:  8    Int: 12    God:    Okawaru [*****.]
Gold:   178        SH: 14    Dex: 25    Spells: 21/21 levels left

rFire    . . .     SeeInvis .   L - +0 hand axe "Rixejio" {vamp, MR+ Dex+7} (curse)
rCold    + + .     Gourm    +   c - +0 shield
rNeg     . . .     Faith    .   a - +1 plate armour {rC+}
rPois    .         Spirit   .   H - +2 hat {Int+3}
rElec    .         Reflect  .   r - +0 cloak
rCorr    .         Harm     .   n - +0 pair of gloves
MR       +....     Rnd*Tele +   (no boots)
Stlth    ..........             m - amulet "Vopoal" {Gourm +Fly rC+ Str+3 Dex+6}
HPRegen  0.29/turn              B - +2 ring of dexterity
MPRegen  0.16/turn              o - ring of Lucidity {*Tele Str+6}

@: no status effects
A: robust 1, strong 1, wild magic 1
a: Heroism, Finesse, Renounce Religion, Evoke Flight


You were on level 2 of the Orcish Mines.
You worshipped Okawaru.
Okawaru was extremely pleased with you.
You were not hungry.

You visited 3 branches of the dungeon, and saw 13 of its levels.
You also visited: Ossuary.

You collected 1411 gold pieces.
You spent 1233 gold pieces at shops.

Inventory:

Hand Weapons
 K - a +2 vorpal flail
 L - the cursed +0 hand axe "Rixejio" (weapon) {vamp, MR+ Dex+7}
   (You found it on level 10 of the Dungeon)

   It inflicts no extra harm, but heals its wielder when it wounds a living foe.
   It affects your dexterity (+7).
   It affects your resistance to hostile enchantments.
   It has a curse placed upon it.
Missiles
 v - 11 boomerangs (quivered)
Armour
 a - a +1 plate armour of cold resistance (worn)
 c - a +0 shield (worn)
 n - a +0 pair of gloves (worn)
 r - a +0 cloak (worn)
 H - a +2 hat of intelligence (worn)
Jewellery
 m - the amulet "Vopoal" (around neck) {Gourm +Fly rC+ Str+3 Dex+6}
   (You bought it in a shop on level 2 of the Orcish Mines)

   [amulet of the gourmand]

   It allows you to eat raw meat even when not hungry.
   It affects your strength (+3).
   It affects your dexterity (+6).
   It protects you from cold.
   It lets you fly.
 o - the ring of Lucidity (right hand) {*Tele Str+6}
   (You bought it in a shop on level 2 of the Orcish Mines)

   [ring of teleportation]

   It may teleport you next to monsters.
   It affects your strength (+6).
 B - a +2 ring of dexterity (left hand)
Wands
 d - a wand of iceblast (6)
 A - a wand of random effects (19)
 I - a wand of polymorph (4)
 M - a wand of enslavement (5)
Scrolls
 e - 6 scrolls of identify
 g - 2 scrolls of blinking
 h - 10 scrolls of remove curse
 k - 3 scrolls of teleportation
 p - 2 scrolls of noise {unknown}
 q - a scroll of fear {unknown}
 s - 4 scrolls of immolation {unknown}
 t - 3 scrolls of fog {unknown}
 w - 2 scrolls of enchant weapon {unknown}
 F - 2 scrolls of random uselessness {unknown}
 G - a scroll of amnesia {unknown}
Potions
 b - a potion of ambrosia
 i - 2 potions of degeneration {unknown}
 j - 4 potions of magic {unknown}
 l - 3 potions of lignification
 u - 2 potions of flight {unknown}
 x - 2 potions of heal wounds
 C - a potion of berserk rage {unknown}
 E - 4 potions of curing
Comestibles
 f - 17 rations


   Skills:
 * Level 9.7 Fighting
 + Level 12.3 Axes
 + Level 1.2 Throwing
 * Level 8.9 Armour
 + Level 1.8 Dodging
 + Level 2.0 Stealth
 * Level 9.4 Shields
 * Level 5.1 Spellcasting
 + Level 9.0 Invocations
 + Level 4.1 Evocations


You had 21 spell levels left.
You didn't know any spells.
Your spell library contained the following spells:

 Spells                   Type           Power        Failure   Level  Hunger
 Beastly Appendage        Tmut           #.....       96%         1    None
 Corona                   Hex            #......      96%         1    None
 Ensorcelled Hibernation  Hex/Ice        #.....       99%         2    ##.....
 Sticks to Snakes         Tmut           #.......     99%         2    ##.....
 Confusing Touch          Hex            #.......     100%        3    ###....
 Dazzling Flash           Conj/Hex       #.....       100%        3    ###....
 Gell's Gravitas          Tloc           #.........   100%        3    ###....
 Spider Form              Tmut/Pois      #.........   100%        3    ###....
 Tukima's Dance           Hex            #.......     100%        3    ###....
 Cause Fear               Hex            #.........   100%        4    ####...
 Ice Form                 Ice/Tmut       #.......     100%        4    ####...
 Petrify                  Tmut/Erth      #.......     100%        4    ####...
 Blade Hands              Tmut           #.........   100%        5    ######.
 Metabolic Englaciation   Hex/Ice        #.........   100%        5    ######.
 Silence                  Hex/Air        #.........   100%        5    ######.
 Yara's Violent Unravell  Hex/Tmut       #.........   100%        5    ######.
 Deflect Missiles         Chrm/Air       #.........   100%        6    #######
 Discord                  Hex            #.........   100%        8    #######


Dungeon Overview and Level Annotations

Branches:
Dungeon (10/15)            Temple (1/1) D:5            Lair (0/6) D:10
    Orc (2/2) D:10            Elf (0/3) Orc:2       Ossuary (visited)

Altars:
Ashenzari
Cheibriados
Dithmenos
Elyvilon
Fedhas
Gozag
Hepliaklqana
Kikubaaqudgha
Makhleb
Nemelex Xobeh
Okawaru
Qazlal
Ru
Sif Muna
Trog
Uskayaw
Vehumet
Wu Jian
Xom
Yredelemnul
Zin
The Shining One
Beogh

Shops:
Orc:1 (   Orc:2 =%!


Innate Abilities, Weirdness & Mutations

You are robust. (+10% HP)
Your muscles are strong. (Str +2)
Your spells are a little harder to cast, but a little more powerful.


Message History

You block the sixfirhy's attack.
The sixfirhy hits you but does no damage.
You block the sixfirhy's attack. x2
You block the sixfirhy's attack. The sixfirhy barely misses you.
You block the sixfirhy's attack. The sixfirhy barely misses you.
You block the sixfirhy's attack.
The sixfirhy hits you but does no damage.
The sixfirhy hits you.
* * * LOW HITPOINT WARNING * * *
The sixfirhy shocks you!
* * * LOW HITPOINT WARNING * * *
The sixfirhy hits you but does no damage.
You see here a +0 dagger.
There is a stone staircase leading up, spattered with blood here.
Things that are here:
2 bolts; 2 large rocks The sixfirhy hits you.
* * * LOW HITPOINT WARNING * * *
The sixfirhy shocks you!
You die...

#...........#.........#..........
##.#...#...................<.....
######..#..#.............[)รท....
###..........#...........[...#
##........................[....
#.............................#
##....#....##.............<....
##.###.......3................
####........@................
##.........(.....[..........
#.......#.........).........
##.......#..(...............
####.#..(..................
####.#.##.#....#.##.#.#.
############### #


You could see a sixfirhy.

Vanquished Creatures
  A two-headed ogre (Orc:2)
  3 death yaks (D:10)
  Pikel (D:7)
  6 orc knights
  A cyclops (Orc:2)
  Joseph (D:7)
  A rust devil (Orc:2)
  3 trolls
  A hippogriff (D:9)
  A ynoxinul (Orc:2)
  A yak (D:7)
  2 wyverns
  2 hungry ghosts
  3 hogs (D:7)
  A human (D:7)
  4 wargs
  A porcupine (D:10)
  18 orc warriors
  4 ice beasts
  A hornet zombie (Ossuary)
  2 phantoms
  2 necrophages
  3 centaurs
  8 ogres
  A big kobold (D:8)
  A bullfrog (D:7)
  A gnoll sergeant (D:7)
  6 scorpions
  3 wights (D:7)
  2 howler monkeys
  2 crimson imps
  4 centaur zombies
  3 hounds
  A bullfrog zombie (Ossuary)
  A centaur skeleton (D:4)
  17 orc priests
  A jelly (D:10)
  11 orc wizards
  2 bullfrog skeletons
  A gnoll shaman (D:3)
  3 iguanas
  Terence (D:1)
  3 hell rats (D:10)
  9 worker ants
  3 hound zombies
  2 hound skeletons (D:8)
  11 mummies (Ossuary)
  3 worker ant zombies
  14 gnolls
  A howler monkey skeleton (D:4)
  20 adders
  2 river rats (D:10)
  An ooze (D:5)
  5 adder zombies
  6 worms
  3 leopard geckos
  57 orcs
  4 bats
  7 giant cockroaches
  7 goblins
  6 hobgoblins
  7 jackals
  6 quokkas
  5 frilled lizards
  2 giant cockroach zombies (Ossuary)
  8 kobolds
  A leopard gecko skeleton (D:4)
  A leopard gecko zombie (Ossuary)
  A quokka skeleton (D:5)
  A quokka zombie (Ossuary)
  6 rats
334 creatures vanquished.

Vanquished Creatures (collateral kills)
  An orc warrior (Orc:2)
  3 orcs (Orc:2)
4 creatures vanquished.

Vanquished Creatures (others)
  An orc warrior (Orc:2)
  4 slaves (D:7)
  A gnoll (D:7)
  5 fungi (D:6)
  3 withered plants (Ossuary)
14 creatures vanquished.

Grand Total: 352 creatures vanquished

Notes
Turn   | Place    | Note
-------+----------+-------------------------------------------
     0 | D:1      | Error4North the Hill Orc Fighter began the quest for the
                  | Orb.
     0 | D:1      | Reached XP level 1. HP: 19/19 MP: 1/1
   263 | D:1      | Reached XP level 2. HP: 25/27 MP: 2/2
  1267 | D:2      | Reached skill level 3 in Axes
  1267 | D:2      | Reached XP level 3. HP: 25/33 MP: 3/3
  1290 | D:2      | Found an iron altar of Okawaru.
  1298 | D:2      | Became a worshipper of Warmaster Okawaru
  1502 | D:2      | Found a glowing golden altar of the Shining One.
  1614 | D:2      | Noticed Terence
  1646 | D:1      | Reached XP level 4. HP: 24/40 MP: 3/5
  1652 | D:1      | Killed Terence
  2153 | D:2      | Reached XP level 5. HP: 18/46 MP: 6/6
  2895 | D:3      | Reached skill level 1 in Spellcasting
  2955 | D:3      | Reached skill level 4 in Axes
  3484 | D:4      | Noticed an ogre
  3490 | D:4      | Noticed an ogre
  3507 | D:4      | Gained mutation: You are robust. (+10% HP) [potion of
                  | mutation]
  3507 | D:4      | Gained mutation: Your spells are a little harder to cast,
                  | but a little more powerful. [potion of mutation]
  3507 | D:4      | Gained mutation: Your muscles are strong. (Str +2) [potion
                  | of mutation]
  3549 | D:3      | Reached XP level 6. HP: 11/58 MP: 7/7
  3874 | D:4      | Reached skill level 1 in Invocations
  3876 | D:4      | Reached * piety under Okawaru
  3971 | D:4      | Reached skill level 5 in Axes
  3971 | D:4      | Reached XP level 7. HP: 43/66 MP: 7/9
  4108 | D:4      | Reached skill level 5 in Shields
  4145 | D:4      | Reached skill level 5 in Fighting
  4173 | D:4      | Reached skill level 5 in Armour
  4435 | D:5      | Entered Level 5 of the Dungeon
  4473 | D:5      | Reached skill level 6 in Axes
  4501 | D:5      | Reached skill level 1 in Dodging
  4521 | D:5      | Found a staircase to the Ecumenical Temple.
  4535 | D:5      | Reached XP level 8. HP: 62/74 MP: 10/10
  4552 | Temple   | Entered the Ecumenical Temple
  4945 | D:5      | Found a radiant altar of Vehumet.
  5252 | D:6      | Reached ** piety under Okawaru
  5412 | D:6      | Reached skill level 7 in Axes
  5668 | D:6      | Found an ancient bone altar of Kikubaaqudgha.
  5903 | D:6      | Found a shimmering blue altar of Sif Muna.
  6114 | D:7      | Found a shattered altar of Ashenzari.
  6209 | D:7      | Noticed Pikel
  6235 | D:7      | Killed Pikel
  6235 | D:7      | Reached *** piety under Okawaru
  6235 | D:7      | Reached skill level 8 in Axes
  6235 | D:7      | Reached skill level 1 in Stealth
  6235 | D:7      | Reached skill level 5 in Invocations
  6235 | D:7      | Reached XP level 9. HP: 54/82 MP: 10/13
  6270 | D:7      | Noticed Joseph
  6288 | D:7      | Killed Joseph
  6343 | D:7      | Reached **** piety under Okawaru
  6382 | D:7      | Reached skill level 9 in Axes
  6506 | D:7      | Found a sand-covered staircase.
  6552 | Ossuary  | Entered an ossuary
  6861 | Ossuary  | Reached XP level 10. HP: 94/94 MP: 15/15
  7421 | D:7      | Reached ***** piety under Okawaru
  7421 | D:7      | Reached skill level 10 in Axes
  8525 | D:8      | Found a blossoming altar of Fedhas.
  8697 | D:9      | Found a glowing silver altar of Zin.
  8719 | D:9      | Reached skill level 1 in Evocations
  9133 | D:10     | Entered Level 10 of the Dungeon
  9233 | D:10     | Got a shimmering hand axe
  9449 | D:10     | Received a gift from Okawaru
  9514 | D:10     | Noticed a death yak
  9535 | D:10     | Noticed a death yak
  9539 | D:10     | Killed a death yak
  9539 | D:10     | Reached XP level 11. HP: 88/104 MP: 11/17
  9540 | D:10     | Noticed a death yak
  9558 | D:10     | Killed a death yak
  9577 | D:10     | Killed a death yak
  9577 | D:10     | Reached skill level 11 in Axes
  9577 | D:10     | Reached skill level 1 in Throwing
  9590 | D:10     | Found a staircase to the Lair.
  9918 | D:9      | Identified the cursed +0 hand axe "Rixejio" {vamp, MR+
                  | Dex+7} (You found it on level 10 of the Dungeon)
 10069 | D:10     | Found a staircase to the Orcish Mines.
 10223 | Orc:1    | Entered Level 1 of the Orcish Mines
 10324 | Orc:2    | Entered Level 2 of the Orcish Mines
 10327 | Orc:2    | Found a staircase to the Elven Halls.
 10551 | Orc:1    | Found a roughly hewn altar of Beogh.
 10791 | Orc:1    | Found Hughaoh's Weapon Shop.
 10801 | Orc:1    | Noticed an orc knight
 10833 | Orc:1    | Killed an orc knight
 10923 | Orc:1    | Noticed an orc knight
 10934 | Orc:1    | Noticed an orc knight
 10963 | Orc:1    | Killed an orc knight
 10991 | Orc:1    | Killed an orc knight
 11031 | Orc:1    | Noticed an orc knight
 11070 | Orc:1    | Killed an orc knight
 11308 | Orc:2    | Noticed a cyclops
 11319 | Orc:2    | Killed a cyclops
 11370 | Orc:2    | Noticed a two-headed ogre
 11397 | Orc:2    | Killed a two-headed ogre
 11397 | Orc:2    | Reached skill level 12 in Axes
 11397 | Orc:2    | Reached XP level 12. HP: 88/114 MP: 12/19
 11415 | Orc:2    | Found Zoanaigy's Distillery.
 11420 | Orc:2    | Found Weuniqal's Food Emporium.
 12160 | Orc:2    | Found Hutrijio's Jewellery Shoppe.
 12204 | Orc:2    | Bought the amulet "Vopoal" {Gourm +Fly rC+ Str+3 Dex+6} for
                  | 780 gold pieces
 12206 | Orc:2    | Bought the ring of Lucidity {*Tele Str+6} for 325 gold
                  | pieces
 12822 | Orc:2    | Reached skill level 5 in Spellcasting
 12846 | Orc:2    | Bought a potion of ambrosia for 128 gold pieces
 13070 | Orc:2    | Noticed a soul eater
 13112 | Orc:2    | Noticed an orc high priest
 13169 | Orc:2    | Slain by a sixfirhy

Levels and vault maps discovered:
D:1:      wander_arrival_chamber, layout_basic, serial_bayou_pond_e
D:2:      layout_loops_ring, kennysheep_okawaru_gauntlet, lemuel_doored_altar,
          uniq_terence
D:3:      layout_basic, first_ration
D:4:      layout_cave_pools
D:5:      layout_basic, minmay_temple_entry_stoned_glass, basic_altar
D:6:      layout_loops_ring, kennysheep_little_box, kiku_gazebo_pond_becter,
          serial_aquarium, aquarium_bridge_straight [aquarium_subvault_bridge,
          aquarium_subvault_wall, aquarium_subvault_bridge,
          aquarium_subvault_wall], aquarium_window_1, aquarium_window_1,
          aquarium_window_1, aquarium_view_2f
D:7:      layout_loops_cross, marbit_many_paths,
          nicolae_ossuary_entry_false_entrances, grunt_livestock, uniq_joseph,
          uniq_pikel
D:8:      layout_loops_ring, minmay_misc_feat_x, grunt_ministairs_15,
          minmay_misc_feat_tiny, fedhas_altar_fruit_tree
D:9:      layout_long_grid, lemuel_round_altar
D:10:     layout_basic, dpeg_lair_monsters, hiddenorc1_lemuel
Temple:   eino_temple_rhombus
Orc:1:    nicolae_orc_accident_1, layout_caves, serial_shops, shop, basic_altar
Orc:2:    pf_orc_diabolical, layout_caves, serial_shops, shop

Skill      XL: |  1  2  3  4  5  6  7  8  9 10 11 12 |
---------------+-------------------------------------+-----
Fighting       | 4 5 6 7 8 9 |  9.7
Axes           | 3 4 5 6 8 9 10 12 | 12.3
Armour         | 4 5 6 7 8 |  8.9
Shields        | 4 5 6 8 9 |  9.4
Spellcasting   | 1 2 3 4 5 |  5.1
Invocations    | 1 2 5 7 8 9 |  9.0
Dodging        | 1 |  1.8
Stealth        | 1 2 |  2.0
Evocations     | 2 4 |  4.1
Throwing       | 1 |  1.2

Action                   |  1- 3 |  4- 6 |  7- 9 | 10-12 || total
-------------------------+-------+-------+-------+-------++-------
Melee: War axe           |   104 |   189 |   365 |   470 ||  1128
       Hand axe          |       |       |       |   602 ||   602
Throw: Boomerang         |       |       |     3 |    32 ||    35
Invok: Heroism           |       |     1 |     6 |    19 ||    26
       Finesse           |       |       |       |     8 ||     8
Evoke: Wand              |       |       |       |     2 ||     2
  Use: Potion            |     1 |     3 |     3 |     8 ||    15
       Scroll            |       |       |     2 |     6 ||     8
 Stab: Invisible         |       |       |     4 |       ||     4
  Eat: Chunk             |     2 |     8 |     4 |    10 ||    24
       Ration            |       |       |     2 |     4 ||     6
Armor: Scale mail        |    22 |       |       |       ||    22
       Chain mail        |    38 |   103 |   159 |   150 ||   450
       Plate armour      |       |       |       |   131 ||   131
       Skin              |       |       |       |     4 ||     4
Dodge: Dodged            |    37 |    59 |    91 |   213 ||   400
Block: Shield            |    76 |   113 |   168 |   544 ||   901

Table legend:
 A = Non-vault XP
 B = Vault XP
 C = Vault XP percentage of total XP
 D = Non-vault monster count
 E = Vault monster count
 F = Vault count percentage of total count
                 A         B        C        D         E       F
            +---------+---------+-------+---------+---------+-------
      Total |   10828 |   12257 |  53.1 |     235 |     104 |  30.7
            +---------+---------+-------+---------+---------+-------
        D:1 |      38 |      36 |  48.6 |      17 |       1 |   5.6
        D:2 |     148 |       0 |   0.0 |      21 |       0 |   0.0
        D:3 |     157 |       0 |   0.0 |      18 |       0 |   0.0
        D:4 |     601 |       0 |   0.0 |      25 |       0 |   0.0
        D:5 |     407 |       0 |   0.0 |      19 |       0 |   0.0
        D:6 |     535 |       0 |   0.0 |      15 |       0 |   0.0
        D:7 |    1306 |    2137 |  62.1 |      23 |       8 |  25.8
        D:8 |     922 |     228 |  19.8 |      22 |       2 |   8.3
        D:9 |    1259 |      79 |   5.9 |      19 |       2 |   9.5
       D:10 |     688 |    3178 |  82.2 |      13 |      26 |  66.7
      Orc:1 |    2840 |    2427 |  46.1 |      32 |       8 |  20.0
      Orc:2 |    1927 |    3509 |  64.6 |      11 |      31 |  73.8
    Ossuary |       0 |     663 | 100.0 |       0 |      26 | 100.0
            +---------+---------+-------+---------+---------+-------
